 Dungeon Crawl Stone Soup version 0.21.1-1-g345015f (console) character file.

336 erker the Changer (level 6, -2/45 HPs)
             Began as an Octopode Transmuter on Apr 5, 2018.
             Slain by a goblin
             ... wielding a +0 club
             ... led by Robin
              (7 damage)
             ... on level 3 of the Dungeon on Apr 6, 2018.
             The game lasted 00:14:58 (3594 turns).

erker the Changer (Octopode Transmuter)             Turns: 3594, Time: 00:14:59

Health: -2/45      AC:  5    Str: 14    XL:     6   Next: 54%
Magic:  9/11       EV: 10    Int: 17    God:
Gold:   197        SH:  0    Dex: 13    Spells: 2/12 levels left

rFire    x . .     SeeInvis .     - Unarmed
rCold    + + +     Gourm    .   (shield currently unavailable)
rNeg     . . .     Faith    .   (helmet currently unavailable)
rPois    +         Spirit   .   (no amulet)
rElec    .         Reflect  .   e - ring of wizardry
rCorr    .         Harm     .   j - ring of protection from magic
MR       +....                  s - ring of loudness (curse)
Stlth    ..........             (no ring)
HPRegen  0.15/turn              (no ring)
MPRegen  0.12/turn              (no ring)
                                (no ring)
                                (no ring)

@: mighty, ice-form (expiring)
A: large, almost no armour, stealthy swim, amphibious, 8 rings, (constrict 8)
a: End Transformation


You were on level 3 of the Dungeon.
You were hungry.
You were a creature of crystalline ice.
You visited 1 branch of the dungeon, and saw 4 of its levels.

You collected 197 gold pieces.

Inventory:

Missiles
 a - 52 arrows
 d - 4 tomahawks (quivered)
 n - 11 poisoned needles
Jewellery
 e - a ring of wizardry (left front paw)
 j - a ring of protection from magic (right front paw)
 s - a cursed ring of loudness (on tentacle)
Scrolls
 f - 3 scrolls of magic mapping {unknown}
 k - 2 scrolls of remove curse {unknown}
 l - 3 scrolls of teleportation {unknown}
 o - a scroll of enchant armour {unknown}
 p - a scroll of fear {unknown}
 q - a scroll of identify {unknown}
Potions
 g - a potion of heal wounds
 h - 2 potions of curing {unknown}
 i - a potion of haste {unknown}
 r - a potion of resistance {unknown}
Books
 b - a book of Changes

   Spells                             Type                      Level
   a - Beastly Appendage              Transmutation                1
   b - Sticks to Snakes               Transmutation                2
   c - Spider Form                    Transmutation/Poison         3
   d - Ice Form                       Ice/Transmutation            4
   e - Blade Hands                    Transmutation                5
Comestibles
 c - 2 rations


   Skills:
 + Level 1.5 Fighting
 - Level 2.0 Dodging
 + Level 3.5 Unarmed Combat
 + Level 3.5 Spellcasting
 * Level 4.5 Transmutations
 * Level 1.8 Ice Magic
 * Level 1.9 Poison Magic


You had 2 spell levels left.
You knew the following spells:

 Your Spells              Type           Power        Failure   Level  Hunger
a - Beastly Appendage     Tmut           ###...       1%          1    None
s - Spider Form           Tmut/Pois      ##........   5%          3    ###....
t - Sticks to Snakes      Tmut           ###.....     1%          2    ##.....
y - Ice Form              Ice/Tmut       ##......     17%         4    ####...


Dungeon Overview and Level Annotations

Branches:
Dungeon (4/15)
 Temple: D:4-7

Altars:
Ashenzari

Annotations:
D:4 Robin


Innate Abilities, Weirdness & Mutations

You cannot wear most types of armour.
You are very stealthy in the water. (Stealth+)
You are amphibious.
You can wear up to eight rings at the same time.
((You can use your tentacles to constrict eight enemies at once.))
((Your skin changes colour to match your surroundings (Stealth+).))
((Your rubbery body absorbs attacks. (AC +1, EV +1)))


Message History

Unknown command.
Unknown command.
Unknown command.
It was a potion of heal wounds.
You feel much better. The goblin hits you with a club.
The hobgoblin hits you but does no damage.
The goblin hits you with a club.
You feel very mighty all of a sudden. The goblin hits you but does no damage.
The hobgoblin hits you.
You barely miss the goblin.
The goblin is severely wounded.
The goblin hits you but does no damage. The goblin hits you with a club.
* * * LOW HITPOINT WARNING * * *
The hobgoblin hits you!
* * * LOW HITPOINT WARNING * * *
You barely miss the goblin.
The goblin is severely wounded.
The goblin closely misses you. The hobgoblin barely misses you.
The goblin hits you with a club!
You die...

# ###########
..........#########
#.##..........ggYg#
##.#.####.#######g#
##....##.# #g#
##.###.##.# #.#
#.####.##.# #.#
.....#.##.# #.#
..(.....(.# #.#
####.#.#..# #.#
####.#.#..#######.#


You could see 2 hobgoblins and 3 goblins.

Vanquished Creatures
  A scorpion (D:4)
  A howler monkey (D:4)
  A hound (D:4)
  An orc wizard (D:3)
  7 gnolls
  An adder (D:2)
  A shadow imp (D:2)
  3 worms (D:2)
  3 dart slugs
  2 leopard geckos
  4 orcs (D:3)
  2 giant cockroaches (D:2)
  12 goblins
  9 hobgoblins
  6 jackals
  A quokka (D:4)
  3 ball pythons
  5 bats
  6 frilled lizards
  9 kobolds
  4 rats
82 creatures vanquished.

Vanquished Creatures (collateral kills)
  An adder (D:2)
1 creature vanquished.

Grand Total: 83 creatures vanquished

Notes
Turn   | Place    | Note
-------+----------+-------------------------------------------
     0 | D:1      | erker the Octopode Transmuter began the quest for the Orb.
     0 | D:1      | Reached XP level 1. HP: 13/13 MP: 3/3
   165 | D:1      | Reached XP level 2. HP: 14/18 MP: 3/5
   169 | D:1      | Learned a level 2 spell: Sticks to Snakes
  1012 | D:1      | Reached XP level 3. HP: 19/23 MP: 4/6
  1020 | D:1      | Learned a level 3 spell: Spider Form
  1198 | D:1      | Reached skill level 3 in Transmutations
  1658 | D:2      | Reached XP level 4. HP: 15/28 MP: 4/8
  2234 | D:2      | Reached skill level 1 in Poison Magic
  2271 | D:2      | Found a shattered altar of Ashenzari.
  2550 | D:2      | Reached XP level 5. HP: 30/33 MP: 5/9
  2559 | D:2      | Learned a level 4 spell: Ice Form
  3029 | D:3      | Reached skill level 4 in Transmutations
  3232 | D:3      | Reached skill level 1 in Ice Magic
  3560 | D:4      | Reached XP level 6. HP: 34/38 MP: 5/11
  3581 | D:4      | Noticed Robin
  3590 | D:3      | HP: 1/45 [goblin/club[Robin] (3)]
  3594 | D:3      | Slain by a goblin

Skill      XL: |  1  2  3  4  5 |
---------------+----------------+-----
Transmutations | 3 4 |  4.5
Spellcasting   | 3 |  3.5
Poison Magic   | 1 |  1.9
Ice Magic      | 1 |  1.8
Fighting       | |  1.5
Dodging        | |  2.0
Unarmed Combat | |  3.5

Action                   |  1- 3 |  4- 6 || total
-------------------------+-------+-------++-------
Melee: Unarmed           |    92 |   133 ||   225
       Constrict         |    22 |    10 ||    32
       Kick              |    16 |     4 ||    20
       Tentacles         |     9 |     2 ||    11
       Punch             |     2 |     1 ||     3
Throw: Tomahawk          |       |     4 ||     4
 Cast: Beastly Appendage |    20 |     3 ||    23
       Sticks to Snakes  |     2 |       ||     2
       Spider Form       |     1 |    11 ||    12
       Ice Form          |       |     5 ||     5
  Use: Potion            |       |     2 ||     2
 Stab: Sleeping          |     4 |     3 ||     7
  Eat: Chunk             |     3 |     8 ||    11
Armor: Skin              |     3 |    33 ||    36
Dodge: Dodged            |    60 |    91 ||   151
